 Dungeon Crawl Stone Soup version 0.28-a0-422-gd71735c (webtiles) character file.

Game seed: 5582583692265109057

59963 Sixotanaka the Phalangite (level 14, -1/177 HPs)
             Began as a Merfolk Berserker on Sept 8, 2021.
             Was a High Priest of Trog.
             Succumbed to an orc warlord's poison
             ... on level 2 of the Orcish Mines.
             The game lasted 00:42:34 (23722 turns).

Sixotanaka the Phalangite (Merfolk Berserker)      Turns: 23722, Time: 00:42:37

Health: -1/177     AC: 18    Str: 24    XL:     14   Next: 97%
Magic:  14/14      EV: 14    Int:  7    God:    Trog [*****.]
Gold:   1569       SH:  5    Dex: 17    Spells: 13/13 levels left

rFire   + . .      SeeInvis .   b - +6 bardiche (flame)
rCold   . . .      Faith    .   (shield currently unavailable)
rNeg    + . .      Spirit   .   U - +2 plate armour {rF+}
rPois   .          Reflect  +   I - +0 helmet
rElec   .          Harm     .   (no cloak)
rCorr   .          Rampage  .   L - +0 pair of gloves
Will    +....                   (no boots)
Stlth   ..........              K - amulet of reflection
HPRegen 0.39/turn               n - +6 ring of strength
MPRegen 0.14/turn               Q - ring of positive energy

@: berserking (expiring), lethally poisoned (-1 -> -64), very quick
A: (nimble swimmer 2), mertail
a: Renounce Religion, Berserk, Trog's Hand, Brothers in Arms


You were on level 2 of the Orcish Mines.
You worshipped Trog.
Trog was extremely pleased with you.
You visited 3 branches of the dungeon, and saw 18 of its levels.
You also visited: Volcano.

You collected 1569 gold pieces.

Inventory:

Hand Weapons
 a - a +4 antimagic glaive
 b - a +6 bardiche of flaming (weapon)
 s - a +2 vampiric halberd
Missiles
 R - a throwing net (quivered)
Armour
 I - a +0 helmet (worn)
 L - a +0 pair of gloves (worn)
 U - a +2 plate armour of fire resistance (worn)
Jewellery
 k - a ring of positive energy
 n - a +6 ring of strength (left hand)
 q - a ring of ice
 y - a ring of protection from cold
 A - an amulet of the acrobat
 H - a ring of see invisible
 J - a ring of protection from fire
 K - an amulet of reflection (around neck)
 P - an amulet of guardian spirit
 Q - a ring of positive energy (right hand)
Wands
 e - a wand of flame (35)
 h - a wand of acid (4)
 z - a wand of paralysis (26)
 E - a wand of polymorph (4)
 V - a wand of charming (6)
Scrolls
 i - 3 scrolls of blinking
 l - 5 scrolls of teleportation
 m - 3 scrolls of enchant weapon {unknown}
 o - a scroll of fear {unknown}
 p - a scroll of immolation {unknown}
 w - 4 scrolls of magic mapping
 B - a scroll of enchant armour {unknown}
 C - 5 scrolls of fog
 D - 3 scrolls of holy word
 M - a scroll of torment {unknown}
 N - a scroll of summoning {unknown}
 S - 3 scrolls of amnesia {unknown}
 T - a scroll of vulnerability {unknown}
Potions
 c - 4 potions of heal wounds
 d - 3 potions of mutation {unknown}
 f - 3 potions of flight
 g - 2 potions of ambrosia {unknown}
 j - 2 potions of resistance {unknown}
 r - 2 potions of curing
 t - 3 potions of attraction {unknown}
 v - a potion of experience {unknown}
 x - 2 potions of cancellation {unknown}
 F - 5 potions of brilliance {unknown}
 G - 5 potions of lignification
 O - a potion of berserk rage {unknown}


   Skills:
 + Level 13.1 Fighting
 + Level 21.2 Polearms
 - Level 8.0 Armour
 - Level 15.0 Dodging
 + Level 5.5 Evocations


You had 13 spell levels left.
You didn't know any spells.
Your spell library was empty.

Dungeon Overview and Level Annotations

Branches:
Dungeon (10/15)            Temple (0/1) D:6            Lair (6/6) D:8
 Shoals (0/4) Lair:3       Spider (0/4) Lair:3        Slime (0/5) Lair:6
    Orc (2/2) D:9         Volcano (visited)
    Elf: Orc:2

Altars:
Cheibriados
Dithmenos
Elyvilon
Gozag
Makhleb
Nemelex Xobeh
Okawaru
Sif Muna
Trog
Wu Jian
Xom
Zin
The Shining One
Beogh
Jiyva

Shops:
D:1 !

Annotations:
Lair:6 Kirke


Innate Abilities, Weirdness & Mutations

((You are quick and stealthy near water. (Stealth+, EV+, Speed+++)))
Your lower body shifts to a powerful aquatic tail in water.


Message History

Reach: b) +6 bardiche (flame)
Press: ? - help, Dir - move target, f/p - orc warlord
Aim: an orc warlord, wielding a +2 glaive of venom and wearing a +2 plate armour of cold resistance (heavily wounded, about 20% to evade your +6 bardiche of flaming)
You reach to attack!
You slash the orc warlord! You burn the orc warlord.
The orc warlord is severely wounded.
You feel very sick.
Reach: b) +6 bardiche (flame)
Press: ? - help, Dir - move target, f/p - orc warlord
Aim: an orc warlord, wielding a +2 glaive of venom and wearing a +2 plate armour of cold resistance (severely wounded, about 20% to evade your +6 bardiche of flaming)
You reach to attack!
You slash the orc warlord! You burn the orc warlord.
The orc warlord is almost dead.
You feel very sick.
The orc warlord hits you from afar with a +2 glaive of venom!!
* * * LOW HITPOINT WARNING * * *
You are lethally poisoned!
Reach: b) +6 bardiche (flame)
Press: ? - help, Dir - move target, f/p - orc warlord
Aim: an orc warlord, wielding a +2 glaive of venom and wearing a +2 plate armour of cold resistance (almost dead, about 20% to evade your +6 bardiche of flaming)
You reach to attack!
Your plate armour prevents you from hitting the orc warlord.
The orc warlord is almost dead.
* * * LOW HITPOINT WARNING * * *
You feel extremely sick.
Reach: b) +6 bardiche (flame)
Press: ? - help, Dir - move target, f/p - orc warlord
Aim: an orc warlord, wielding a +2 glaive of venom and wearing a +2 plate armour of cold resistance (almost dead, about 20% to evade your +6 bardiche of flaming)
You reach to attack!
You hit the orc warlord. You burn the orc warlord.
The orc warlord is almost dead.
* * * LOW HITPOINT WARNING * * *
You feel very sick.
The orc warlord hits you from afar with a +2 glaive of venom!!
* * * LOW HITPOINT WARNING * * *
You are more poisoned.
You are too berserk!
Reach: b) +6 bardiche (flame)
Press: ? - help, Dir - move target, f/p - orc warlord
Aim: an orc warlord, wielding a +2 glaive of venom and wearing a +2 plate armour of cold resistance (almost dead, about 20% to evade your +6 bardiche of flaming)
You reach to attack!
You hit the orc warlord. You burn the orc warlord.
The orc warlord is almost dead.
You die...

# ## ###### ###
#.#.##....###..#
.............$..
................
......).........
.............#..
.......@$.....#
.......[)....##
.........o....#
...............#
#...............
#....#..........
................
$...............
...............


You could see an orc warlord.

Vanquished Creatures
  An orc warlord (Orc:1)
  5 hydras
  Josephine (Lair:5)
  Erica (D:8)
  5 two-headed ogres
  6 death yaks
  An orc high priest (Orc:1)
  Urug (Lair:1)
  A lindwurm (Lair:5)
  An ugly thing (D:7)
  A necromancer (Lair:4)
  An oklob plant (Orc:1)
  A cyclops (D:8)
  2 orc sorcerers (Orc:1)
  5 black mambas
  8 elephants
  25 cane toads
  3 rime drakes
  6 komodo dragons
  4 tyrant leeches (Lair:6)
  7 polar bears
  2 trolls (Orc:1)
  30 blink frogs
  2 redbacks (Lair:3)
  2 wyverns
  4 wraiths (Lair:5)
  2 basilisks
  Grum (Lair:1)
  6 hogs (Lair:6)
  32 yaks
  5 vampire mosquitoes
  3 steam dragons
  7 wargs
  14 water moccasins
  A sky beast (D:6)
  11 orc warriors
  An ice beast (D:5)
  3 elephant zombies (Lair:4)
  2 black bears
  A necrophage (D:5)
  5 ogres
  9 wolves
  2 centaurs (D:7)
  5 phantoms
  17 bullfrogs
  A kobold brigand (D:10)
  3 komodo dragon zombies (Lair:4)
  A gnoll sergeant (D:9)
  5 scorpions
  2 troll zombies (D:9)
  4 killer bees (D:8)
  11 wights
  A vampire bat (D:4)
  4 electric eels
  2 crimson imps (D:7)
  4 centaur zombies
  A bullfrog zombie (D:6)
  3 hounds
  2 jellies
  9 orc priests
  A centaur skeleton (D:6)
  A gnoll shaman (D:7)
  An iguana (D:6)
  12 orc wizards
  4 hell rats (Lair:5)
  Terence (D:2)
  6 ogre zombies (D:9)
  A hound skeleton (D:4)
  13 gnolls
  5 adders
  A white imp (D:7)
  An ufetubus (D:5)
  A worm (D:2)
  A dart slug (D:4)
  3 fire bats (D:4)
  57 orcs
  2 spectral bats (D:4)
  15 bats
  3 bat skeletons (D:4)
  A bat zombie (D:4)
  4 endoplasms
  3 giant cockroaches
  8 goblins
  10 hobgoblins
  6 jackals
  4 quokkas
  6 ball pythons
  A bat simulacrum (D:4)
  A frilled lizard (D:2)
  A goblin skeleton (D:9)
  2 goblin zombies (D:9)
  A hobgoblin skeleton (D:9)
  5 hobgoblin zombies (D:9)
  13 kobolds
  An orc skeleton (D:9)
  15 orc zombies (D:9)
  4 rats
521 creatures vanquished.

Vanquished Creatures (collateral kills)
  Rupert (Lair:4)
  A hydra (Lair:5)
2 creatures vanquished.

Vanquished Creatures (others)
  An orc wizard (Orc:1)
  32 fungi
  141 plants
174 creatures vanquished.

Grand Total: 697 creatures vanquished

Notes
Turn   | Place    | Note
-------+----------+-------------------------------------------
     0 | D:1      | Sixotanaka the Merfolk Berserker began the quest for the
                  | Orb.
     0 | D:1      | Reached XP level 1. HP: 18/18 MP: 1/1
    43 | D:1      | Reached skill level 5 in Polearms
    43 | D:1      | Reached XP level 2. HP: 14/24 MP: 2/2
   420 | D:1      | Found Lefy's Distillery.
   452 | D:1      | Reached skill level 6 in Polearms
   452 | D:1      | Reached XP level 3. HP: 29/29 MP: 3/3
   702 | D:1      | Found a faded altar of an unknown god.
   733 | D:1      | Reached ** piety under Trog
  1403 | D:2      | Noticed Terence
  1410 | D:2      | Reached skill level 7 in Polearms
  1410 | D:2      | Reached XP level 4. HP: 35/35 MP: 4/4
  1414 | D:2      | Killed Terence
  1874 | D:3      | Found a burning altar of Makhleb.
  1915 | D:3      | Found an iron altar of Okawaru.
  1977 | D:3      | Reached skill level 8 in Polearms
  1999 | D:3      | Reached XP level 5. HP: 31/41 MP: 5/5
  2425 | D:3      | Reached skill level 9 in Polearms
  2513 | D:3      | Found a white marble altar of Elyvilon.
  2763 | D:4      | Reached *** piety under Trog
  2780 | D:4      | Reached XP level 6. HP: 47/47 MP: 6/6
  2911 | D:4      | Reached skill level 10 in Polearms
  3146 | D:4      | Found a bloodstained altar of Trog.
  3323 | D:4      | Found a snail-covered altar of Cheibriados.
  3334 | D:4      | Found a glowing silver altar of Zin.
  3356 | D:4      | Identified the +7 rapier of the Valley of Death {vorpal,
                  | Stlth+}
  3371 | D:5      | Entered Level 5 of the Dungeon
  3389 | D:5      | Noticed a necrophage
  3399 | D:5      | Killed a necrophage
  3400 | D:5      | Reached skill level 11 in Polearms
  3400 | D:5      | Reached XP level 7. HP: 52/52 MP: 7/7
  3656 | D:5      | Reached skill level 12 in Polearms
  3835 | D:5      | Reached XP level 8. HP: 56/58 MP: 8/8
  3849 | D:5      | Reached **** piety under Trog
  4092 | D:5      | Reached skill level 13 in Polearms
  4998 | D:6      | Reached skill level 14 in Polearms
  5306 | D:6      | Reached skill level 15 in Polearms
  5386 | D:6      | Reached XP level 9. HP: 64/64 MP: 9/9
  5451 | D:6      | Found a glowing golden altar of the Shining One.
  5475 | D:6      | Found a staircase to the Ecumenical Temple.
  5936 | D:7      | Noticed a green ugly thing
  5953 | D:7      | Killed a green ugly thing
  5954 | D:7      | Reached skill level 16 in Polearms
  5954 | D:7      | Reached skill level 5 in Fighting
  6289 | D:7      | Found a shimmering altar of Xom.
  6289 | D:7      | Noticed a two-headed ogre
  6292 | D:7      | Reached skill level 5 in Dodging
  6593 | D:7      | Killed a two-headed ogre
  6594 | D:7      | Reached XP level 10. HP: 76/76 MP: 10/10
  6721 | D:8      | Noticed a cyclops
  6736 | D:8      | Killed a cyclops
  6795 | D:8      | Noticed Erica
  6816 | D:8      | Killed Erica
  6817 | D:8      | Reached skill level 10 in Dodging
  7037 | D:8      | Reached ***** piety under Trog
  7161 | D:8      | Found a staircase to the Lair.
  7852 | D:9      | Received a gift from Trog
  7875 | D:9      | Found a staircase to the Orcish Mines.
  7902 | D:9      | Reached skill level 5 in Armour
  7918 | D:9      | Reached skill level 1 in Evocations
  8236 | D:9      | Found a shadowy altar of Dithmenos.
  8277 | D:9      | Found a sparkling altar of Nemelex Xobeh.
  8537 | D:9      | Found a shimmering blue altar of Sif Muna.
  8662 | D:10     | Entered Level 10 of the Dungeon
  8861 | D:10     | Found an opulent altar of Gozag.
  8892 | D:10     | Reached XP level 11. HP: 64/81 MP: 3/11
  9094 | D:10     | Found an ornate altar of the Wu Jian Council.
  9234 | D:10     | Identified the +9 dagger of the Neverending Deaths {vorpal,
                  | rC+}
  9238 | D:10     | Reached skill level 17 in Polearms
  9409 | Lair:1   | Entered Level 1 of the Lair of Beasts
  9413 | Lair:1   | Noticed Urug
  9421 | Lair:1   | Killed Urug
  9697 | Lair:1   | Reached skill level 18 in Polearms
  9713 | Lair:1   | Noticed Grum
  9736 | Lair:1   | Killed Grum
 10366 | Lair:1   | Reached skill level 19 in Polearms
 11002 | Lair:2   | Reached XP level 12. HP: 88/88 MP: 4/12
 11006 | Lair:2   | Reached skill level 20 in Polearms
 12187 | Lair:3   | Noticed a five-headed hydra
 12356 | Lair:3   | Noticed a death yak
 12357 | Lair:3   | Noticed a death yak
 12377 | Lair:2   | Killed a death yak
 12515 | Lair:3   | Noticed a death yak
 12524 | Lair:2   | Killed a death yak
 12565 | Lair:2   | Killed a death yak
 12740 | Lair:3   | Found a hole to the Spider Nest.
 12969 | Lair:3   | Noticed a seven-headed hydra
 13216 | Lair:3   | Killed a six-headed hydra
 13411 | Lair:3   | Found a staircase to the Shoals.
 13711 | Lair:3   | Killed an eight-headed hydra
 13712 | Lair:3   | Reached skill level 5 in Evocations
 13712 | Lair:3   | Reached XP level 13. HP: 93/93 MP: 4/13
 13817 | Lair:4   | Noticed Rupert
 14173 | Lair:4   | Killed Rupert
 16791 | Lair:5   | Noticed Josephine
 17127 | Lair:5   | Killed Josephine
 17425 | Lair:6   | Entered Level 6 of the Lair of Beasts
 17963 | Lair:5   | Reached skill level 15 in Dodging
 18358 | Lair:6   | Reached XP level 14. HP: 97/109 MP: 4/14
 18423 | Lair:6   | Reached skill level 10 in Fighting
 18834 | Lair:6   | Found a viscous altar of Jiyva.
 18835 | Lair:6   | Found a staircase to the Slime Pits.
 19166 | Lair:6   | Received a gift from Trog
 19583 | Lair:6   | Noticed Kirke
 21079 | Orc:1    | Entered Level 1 of the Orcish Mines
 21118 | Orc:1    | Found a dark tunnel.
 21127 | Volcano  | Entered a volcano
 21425 | Orc:1    | Noticed an orc warlord
 21482 | Orc:1    | Killed an orc warlord
 22155 | Orc:2    | Entered Level 2 of the Orcish Mines
 22173 | Orc:1    | Reached skill level 21 in Polearms
 22808 | Orc:2    | Noticed an orc warlord
 23721 | Orc:2    | HP: 7/177 [orc warlord (27)]
 23722 | Orc:2    | Succumbed to an orc warlord's poison

Illustrated notes

Levels and vault maps discovered:
D:1:      ncdulo_halloftheorcs, layout_basic, serial_shops,
          nicolae_lakefront_shop, chequers_ecumenical_altar_island
D:2:      layout_loops_ring, uniq_terence
D:3:      layout_basic, mainiacjoe_overflow_catwalk,
          mainiacjoe_overflow_cross_hatched, marbit_many_paths,
          minmay_misc_feat_chi
D:4:      layout_rooms, mainiacjoe_overflow_small_starburst,
          amethyst_overflow_temple_binary, goddamned_bats
D:5:      layout_basic, grunt_ministairs_1, hangedman_abyss_or_decor_passed,
          minmay_misc_feat_tower, serial_bayou_pond_a
D:6:      layout_gridville, tso_oasis_becter, minmay_temple_entry_wispy
D:7:      layout_basic, led_xom_imps
D:8:      layout_loops_ring, dpeg_oklobed_lair, david_defended_altar_orc,
          uniq_erica
D:9:      layout_irregular_city, nicolae_sif_muna_little_library,
          lemuel_coloured_pillars_altar, nemelex_altar_shiori, zombieorc2_lemuel
D:10:     layout_roguey, kennysheep_mini, old_standard_altar
Lair:1:   layout_chaotic_city, infiniplex_staircase_pool, grunt_megastairs_4,
          uniq_urug, uniq_grum
Lair:2:   layout_chaotic_city
Lair:3:   layout_gridlike, shoals_dummy_entry, spider_nest_entry_webs,
          grunt_megastairs_3, infiniplex_staircase_pool_2, lemuel_fruit_fields,
          serial_bayou_shore_a
Lair:4:   pond_and_an_island_with_a_cottage, layout_cave_pods, uniq_rupert
Lair:5:   layout_hall_layers, serial_bayou_pond_c, cheibrodos_lair_lostbears,
          uniq_josephine
Lair:6:   minmay_lair_end_frog_pond, layout_misc_corridors, slime_altar_1,
          serial_bayou_pond_a, minmay_hedge_maze, uniq_kirke
Orc:1:    layout_caves, nicolae_volcano_entry_hallway, mines3_lemuel
Orc:2:    st_orc_ogre_mass, layout_caves, serial_shops, shop

Skill      XL: |  1  2  3  4  5  6  7  8  9 10 11 12 13 14 |
---------------+-------------------------------------------+-----
Polearms       | 5 6 7 8 9 11 12 15 16 19 20 21 | 21.2
Fighting       | 6 9 13 | 13.1
Dodging        | 8 10 12 15 | 15.0
Armour         | 5 8 |  8.0
Evocations     | 2 5 |  5.5

Action                   |  1- 3 |  4- 6 |  7- 9 | 10-12 | 13-15 || total
-------------------------+-------+-------+-------+-------+-------++-------
Melee: Spear             |   123 |   249 |       |       |       ||   372
       Halberd           |       |    31 |   235 |   132 |       ||   398
       Glaive            |       |       |       |   493 |   532 ||  1025
       Tailslap          |       |       |       |     3 |     2 ||     5
       Bardiche          |       |       |       |       |   214 ||   214
       Unarmed           |       |       |       |       |     2 ||     2
Invok: Berserk           |     2 |     2 |     4 |     7 |     8 ||    23
       Trog's Hand       |       |       |     1 |     3 |     4 ||     8
       Brothers in Arms  |       |       |       |       |     3 ||     3
Evoke: Wand              |       |       |       |    10 |     9 ||    19
  Use: Scroll            |       |       |     7 |     5 |     2 ||    14
       Potion            |       |       |       |       |     2 ||     2
 Stab: Sleeping          |     4 |       |       |       |       ||     4
Armor: Animal skin       |     2 |       |       |       |       ||     2
       Scale mail        |    18 |     3 |       |       |       ||    21
       Leather armour    |     1 |       |       |       |       ||     1
       Chain mail        |       |   117 |       |       |       ||   117
       Plate armour      |       |       |    65 |   125 |   257 ||   447
       Skin              |       |       |       |     2 |       ||     2
Dodge: Dodged            |    35 |   109 |    43 |   174 |   410 ||   771
Block: Other             |       |       |       |    46 |   167 ||   213
       Reflection        |       |       |       |     1 |     7 ||     8

Table legend: (Time is in decaauts)
 A = Elapsed time spent in this place.
 B = Non-inter-level travel time spent in this place.
 C = Inter-level travel time spent in this place.
 D = Time resting spent in this place.
 E = Time spent auto-exploring this place.
 F = Levels seen in this place.
 G = Mean time per level.
                   A        B        C        D        E       F      G
               +--------+--------+--------+--------+--------+-----+--------+
         Total |  23382 |  22196 |   1186 |   8312 |   9921 |  19 | 1230.6 |
       Dungeon |   9660 |   9160 |    500 |   1743 |   5743 |  10 |  966.0 |
          Lair |  11382 |  10757 |    625 |   5013 |   3872 |   6 | 1897.0 |
  Orcish Mines |   2287 |   2226 |     61 |   1554 |    306 |   2 | 1143.5 |
       Volcano |     52 |     52 |      0 |      0 |      0 |   1 |   52.0 |
               +--------+--------+--------+--------+--------+-----+--------+

Top non-repeatable levels by time:
   Orc:1: 2233 daAuts
  Lair:6: 2191 daAuts
  Lair:4: 2101 daAuts
  Lair:5: 1983 daAuts
  Lair:3: 1843 daAuts
  Lair:2: 1754 daAuts
  Lair:1: 1509 daAuts
     D:9: 1277 daAuts
     D:5: 1269 daAuts
     D:1: 1145 daAuts
     D:6: 1126 daAuts
     D:8: 1108 daAuts
     D:7: 921 daAuts
     D:4: 723 daAuts
     D:3: 705 daAuts
